 Dungeon Crawl Stone Soup version 0.27.1-34-g3ba077fa99 (webtiles) character file.

Game seed: 2182661418743038493

64 multipassport the Caller (level 3, 0/26 HPs)
             Began as a Demigod Summoner on Jan 16, 2022.
             Slain by Sigmund (10 damage)
             ... on level 3 of the Dungeon.
             The game lasted 00:11:47 (3820 turns).

multipassport the Caller (Demigod Summoner)         Turns: 3820, Time: 00:11:48

Health: 0/26       AC:  3    Str:  9    XL:     3   Next: 64%
Magic:  2/9        EV: 12    Int: 21    God:
Gold:   91         SH:  0    Dex: 14    Spells: 1/7 levels left

rFire    . . .     SeeInvis .   d - +2 dagger (drain)
rCold    . . .     Faith    .   (no shield)
rNeg     . . .     Spirit   .   a - +0 robe
rPois    .         Reflect  .   (no helmet)
rElec    .         Harm     .   (no cloak)
rCorr    .         Rampage  .   b - +0 pair of gloves
Will     .....                  (no boots)
Stlth    ++........             (no amulet)
HPRegen  0.08/turn              (no ring)
MPRegen  0.11/turn              (no ring)

@: no status effects
A: high mp 1, forlorn
a: no special abilities


You were on level 3 of the Dungeon.
You visited 1 branch of the dungeon, and saw 3 of its levels.

You collected 91 gold pieces.

Inventory:

Hand Weapons
 d - a +2 dagger of draining (weapon)
Armour
 a - a +0 robe (worn)
 b - a +0 pair of gloves (worn)
Scrolls
 c - 2 scrolls of identify {unknown}
 f - a scroll of fog {unknown}
Potions
 e - 3 potions of mutation {unknown}
 g - a potion of haste {unknown}
 h - 2 potions of experience {unknown}


   Skills:
 + Level 2.6 Dodging
 - Level 1.7 Stealth
 + Level 2.5 Spellcasting
 + Level 4.1 Summonings


You had one spell level left.
You knew the following spells:

 Your Spells              Type           Power      Damage    Failure   Level
a - Summon Small Mammal   Summ           80%        N/A       2%          1
b - Call Imp              Summ           20%        N/A       3%          2
c - Call Canine Familiar  Summ           20%        N/A       8%          3

Your spell library contained the following spells:

 Spells                   Type           Power      Damage    Failure   Level
 Summon Guardian Golem    Hex/Summ       11%        N/A       19%         3
 Ozocubu's Armour         Ice            2%         N/A       38%         3
 Summon Lightning Spire   Summ/Air       11%        N/A       52%         4
 Metabolic Englaciation   Hex/Ice        1%         N/A       98%         5
 Simulacrum               Ice/Necr       1%         N/A       100%        6


Dungeon Overview and Level Annotations

Branches:
Dungeon (3/15)

Annotations:
D:3 Sigmund


Innate Abilities, Weirdness & Mutations

Your attributes grow dramatically as you level up.
You have an increased reservoir of magic. (+10% MP)
You shall have no god before yourself.


Message History

Your shadow imp hits the endoplasm.
The endoplasm dies!
No target in view!
Your crimson imp blinks!
Your crimson imp disappears in a puff of smoke!
Sigmund is nearby!
Casting: Call Imp (safe; 3% risk of failure)
Confirm with . or Enter, or press ? or * to list all spells.
A beastly little devil appears in a puff of flame.
Casting: Call Imp (safe; 3% risk of failure)
Confirm with . or Enter, or press ? or * to list all spells.
A beastly little devil appears in a puff of flame.
Sigmund closely misses you.
Casting: Call Imp (safe; 3% risk of failure)
Confirm with . or Enter, or press ? or * to list all spells.
A beastly little devil appears in a puff of flame.
Casting: Call Imp (safe; 3% risk of failure)
Confirm with . or Enter, or press ? or * to list all spells.
You don't have enough magic to cast this spell.
Sigmund hits you with a +0 scythe!
Your crimson imp hits Sigmund.
You hit Sigmund. You drain Sigmund.
Sigmund is moderately wounded.
Your crimson imp disappears in a puff of smoke!
Sigmund hits you with a +0 scythe.
Your crimson imp hits Sigmund but does no damage.
You hit Sigmund.
Sigmund is moderately wounded.
Your crimson imp blinks!
You hit Sigmund.
Sigmund is moderately wounded.
Sigmund closely misses you.
You barely miss Sigmund.
Sigmund is moderately wounded.
Sigmund hits you with a +0 scythe.
You closely miss Sigmund.
Sigmund is moderately wounded.
You barely miss Sigmund.
Sigmund is moderately wounded.
Your crimson imp barely misses Sigmund.
Sigmund hits you with a +0 scythe!
You die...

......####
....... #.#
...# .......#
#.# ...# #....
#. #.# ...#
+.... .. #.#
...# ##.###.#
...# ...##.#
... #..##.###5#
#..##.@@5.#
#..##.#5..#
#.....+...+
##.##.#...# ###
#.##.#####
..####..#.#####
#.#............
#+#
#.#.###.#......
#.#
#.#.#..........


You could see Sigmund (drained, ally target), 2 friendly crimson imps and a
friendly shadow imp (summoned).

Vanquished Creatures
  An adder (D:3)
  A bat (D:1)
  An endoplasm (D:2)
  A giant cockroach (D:1)
  A goblin (D:1)
  3 hobgoblins
  A jackal (D:1)
  A quokka (D:1)
  3 frilled lizards
  A rat (D:2)
14 creatures vanquished.

Vanquished Creatures (collateral kills)
  4 adders (D:2)
  A dart slug (D:2)
  4 endoplasms
  A giant cockroach (D:1)
  2 goblins (D:1)
  7 hobgoblins
  3 jackals (D:1)
  A quokka (D:1)
  3 ball pythons
  4 bats
  3 frilled lizards (D:1)
  A kobold (D:1)
  5 rats
39 creatures vanquished.

Grand Total: 53 creatures vanquished

Notes
Turn   | Place    | Note
-------+----------+-------------------------------------------
     0 | D:1      | multipassport the Demigod Summoner began the quest for the
                  | Orb.
     0 | D:1      | Reached XP level 1. HP: 14/14 MP: 5/5
   542 | D:1      | You fall into a shaft and drop 1 floor!
   566 | D:2      | Reached XP level 2. HP: 16/20 MP: 0/7
   569 | D:2      | Learned a level 2 spell: Call Imp
  1655 | D:1      | Reached skill level 4 in Summonings
  1660 | D:1      | Reached XP level 3. HP: 23/26 MP: 1/9
  1872 | D:1      | Learned a level 3 spell: Call Canine Familiar
  3327 | D:3      | Noticed Sigmund
  3820 | D:3      | Slain by Sigmund

Illustrated notes

Levels and vault maps discovered:
D:1:      amcnicky_arrival_choice, layout_basic, minivault_23,
          chequers_serial_rivers_small_a
D:2:      minmay_alternating_diamond, layout_basic, roderic_serpentine_path,
          minmay_box_of_dots
D:3:      minmay_general_purpose_star, layout_basic,
          hellmonk_ecumenical_altar_slurped_away, uniq_sigmund

Skill      XL: |  1  2 |
---------------+-------+-----
Dodging        | 2 |  2.6
Spellcasting   | 2 |  2.5
Summonings     | 4 |  4.1
Stealth        | |  1.7

Action                   || total
-------------------------++-------
Melee: Unarmed           ||    29
       Dagger            ||    39
 Cast: Summon Small Mamm ||    25
       Call Imp          ||    67
 Stab: Distracted        ||     1
       Sleeping          ||     1
Armor: Robe              ||    33
Dodge: Dodged            ||    68
